 Dungeon Crawl Stone Soup version 0.30.1-4-g462c640d31 (webtiles) character file.

Game seed: 7136017082214692167

27756 Almogavar the Carver (level 13, -7/119 HPs)
             Began as a Minotaur Berserker on Aug 30, 2023.
             Was a High Priest of Trog.
             Killed from afar by a lindwurm (23 damage)
             ... with a blast of flame
             ... on level 2 of the Lair of Beasts.
             The game lasted 00:41:38 (15209 turns).

Almogavar the Carver (Minotaur Berserker)          Turns: 15209, Time: 00:41:39

Health: -7/119     AC: 14    Str: 27    XL:     13   Next: 6%
Magic:  12/12      EV: 16    Int:  4    God:    Trog [*****.]
Gold:   1309       SH: 11    Dex: 16    Spells: 12/12 levels left

rFire   . . .        a - +2 falchion (elec)
rCold   . . .        K - +0 buckler
rNeg    + . .        D - +1 swamp dragon scales
rPois   +            (helmet restricted)
rElec   .            (no cloak)
rCorr   .            t - +0 pair of gloves
SInv    .            z - +0 pair of boots
Will    .....        f - amulet of reflection
Stlth   +            o - +6 ring of dexterity
HPRegen 0.39/turn    w - ring of positive energy
MPRegen 0.13/turn

%: reflection
@: on berserk cooldown, flying, slowed, very slow
A: horns 2, retaliatory headbutt
a: Renounce Religion, Berserk, Trog's Hand, Brothers in Arms


You were on level 2 of the Lair of Beasts.
You worshipped Trog.
Trog was extremely pleased with you.
You visited 3 branches of the dungeon, and saw 14 of its levels.

You collected 1673 gold pieces.
You spent 364 gold pieces at shops.

Inventory:

Hand Weapons
 a - a +2 falchion of electrocution (weapon)
 b - a +0 sling
 s - the +3 spear "Xyikeikh" {vamp, rElec rF- Int-5 Dex+5}
   (You found it on level 4 of the Dungeon)

   Int:       It affects your intelligence (-5).
   Dex:       It affects your dexterity (+5).
   rF:        It makes you vulnerable to fire.
   rElec:     It insulates you from electricity.
 R - a +4 long sword of flaming
Missiles
 k - 2 throwing nets (quivered)
Armour
 h - a +8 chain mail of ponderousness
 l - a +0 scale mail of fire resistance
 q - a +0 scale mail of positive energy
 t - a +0 pair of gloves (worn)
 y - +0 acid dragon scales
 z - a +0 pair of boots (worn)
 D - +1 swamp dragon scales (worn)
 K - a +0 buckler (worn)
Jewellery
 f - an amulet of reflection (around neck)
 o - a +6 ring of dexterity (left hand)
 w - a ring of positive energy (right hand)
 H - an amulet of guardian spirit
 J - a ring of protection from cold
 Q - a +6 ring of strength
Wands
 A - a wand of flame (10)
 C - a wand of paralysis (15)
 E - a wand of polymorph (13)
 G - a wand of acid (10)
 P - a wand of roots (6)
Scrolls
 e - 3 scrolls of enchant weapon
 j - a scroll of enchant armour
 n - a scroll of noise {unknown}
 r - 2 scrolls of fear
 u - 4 scrolls of teleportation
 x - 2 scrolls of blinking
 B - a scroll of butterflies
 T - a scroll of magic mapping
Potions
 c - 3 potions of invisibility
 d - 2 potions of resistance
 g - 3 potions of might
 m - 2 potions of mutation
 p - 10 potions of curing
 v - 3 potions of haste
 F - a potion of attraction
 L - 10 potions of ambrosia
 M - a potion of lignification
 N - a potion of berserk rage
 O - 3 potions of heal wounds
 S - a potion of magic
Miscellaneous
 I - a phial of floods


   Skills:
 + Level 12.9 Fighting
 - Level 14.8 Long Blades
 + Level 2.2 Ranged Weapons
 + Level 11.3 Armour
 + Level 10.1 Dodging
 - Level 6.4 Shields
 * Level 6.1 Evocations


You had 12 spell levels left.
You didn't know any spells.
Your spell library was empty.

Dungeon Overview and Level Annotations

Branches:
Dungeon (10/15)            Temple (0/1) D:7            Lair (2/5) D:10
    Orc (2/2) D:10            Elf (0/3) Orc:2
  Swamp: Lair:2-3    Shoals: Lair:2-3     Snake: Lair:2-3    Spider: Lair:2-3

Altars:
Elyvilon
Hepliaklqana
Kikubaaqudgha
Nemelex Xobeh
Qazlal
Sif Muna
Vehumet
Wu Jian
Xom

Shops:
D:5 **=[?   D:7 !   Orc:2 *!**


Innate Abilities, Weirdness & Mutations

You have a pair of horns on your head.
You reflexively headbutt those who attack you in melee.


Message History

You hit the lindwurm but do no damage. You headbutt the lindwurm!
The lindwurm is almost dead.
The lindwurm bites you but does no damage.
The lindwurm claws you but does no damage. x2
The lindwurm breathes flames at you. The blast of flame misses you.
You hit the lindwurm.
You kill the lindwurm!
Trog accepts your kill. The lindwurm breathes flames at you.
The blast of flame hits you! You block the lindwurm's attack.
The lindwurm claws you but does no damage. x2
You hit the lindwurm.
The lindwurm is lightly wounded.
The lindwurm misses you. The lindwurm barely misses you.
The lindwurm claws you but does no damage.
The lindwurm breathes flames at you. The blast of flame hits you!!
* * * LOW HITPOINT WARNING * * *
A red film seems to cover your vision as you go berserk!
You feel yourself moving faster!
You feel mighty! You block the lindwurm's attack.
The lindwurm closely misses you.
You block the lindwurm's attack. x2; The lindwurm claws you.
* * * LOW HITPOINT WARNING * * *
The lindwurm claws you but does no damage.
You feel a strong urge to attack something.
You block the lindwurm's attack. The lindwurm misses you.
The lindwurm claws you but does no damage.
The lindwurm bites you!
* * * LOW HITPOINT WARNING * * *
The lindwurm barely misses you. The lindwurm claws you!
* * * LOW HITPOINT WARNING * * *
You are too berserk!
You feel your anger nearly subside.
You are no longer berserk.
You are exhausted.
You feel yourself slow down. The lindwurm breathes flames at you.
The blast of flame hits you!!
You die...

#.÷...§≈≈≈≈≈.##[ ##.≈§≈≈§..#
#####..§≈≈≈§..#. .#..≈§≈≈...##
#.§§§§§§≈..####.§§§≈§§..#[#
##...§§§≈≈...##..§§§§≈≈..###
##.....≈≈§≈≈≈kkk.≈§§≈§§...#
#......≈§§§≈≈§≈≈≈≈≈§§§≈...# ###
#.......§≈≈§≈§≈≈≈≈≈≈≈§...## #.#
#........≈≈§§§§≈≈§≈≈≈.....###..
##........§≈§§@≈≈≈≈............
#..........§.§≈.......###.....
#.!..................## ##....
##.......#.........### #.....
#....)...###P#P..## #.....
##........####..#.# #.....
#.........##..#### #.....
...#......##....# #.....
#.P............### ....


You could see 3 lindwurms.

Vanquished Creatures
  A centaur warrior (D:9)
  The ghost of gildax the Sneak, a journeyman DjDe of Gozag (Lair:1)
  3 death yaks (D:10)
  A boulder beetle (D:9)
  3 orc high priests (Orc:2)
  Urug (Lair:1)
  A lindwurm (Lair:2)
  A deep elf pyromancer (D:9)
  7 orc knights
  5 orc sorcerers
  A manticore (D:7)
  2 black mambas (Lair:1)
  The ghost of LowPressure the Ruffian, a novice DrTm (D:5)
  Maggie (D:6)
  4 cane toads
  A komodo dragon (Lair:2)
  A queen bee (D:9)
  A troll (Orc:1)
  A hornet (D:10)
  Grinder (D:5)
  3 blink frogs (Lair:1)
  2 wraiths (D:10)
  17 yaks
  A vampire (D:10)
  3 steam dragons
  A warg (Orc:1)
  6 water moccasins
  An acid dragon (D:10)
  A sky beast (D:7)
  23 orc warriors
  2 black bears
  An ice beast (D:6)
  6 ogres
  A centaur (D:6)
  A phantom (D:5)
  2 kobold brigands
  5 gnoll sergeants
  8 bullfrogs
  12 wights
  A scorpion (D:7)
  23 killer bees (D:9)
  A howler monkey (D:4)
  A jelly (D:5)
  A hound (D:7)
  20 orc priests
  An iguana (D:6)
  19 orc wizards
  4 hell rats (D:10)
  24 gnolls
  11 adders
  A shadow imp (D:6)
  A worm (D:2)
  3 dart slugs
  50 orcs
  5 bats
  9 endoplasms
  7 giant cockroaches
  12 goblins
  7 hobgoblins
  5 jackals
  8 quokkas
  6 ball pythons
  3 frilled lizards
  14 kobolds
  6 rats
377 creatures vanquished.

Vanquished Creatures (others)
  A goblin (D:2)
1 creature vanquished.

Grand Total: 378 creatures vanquished

Notes
Turn   | Place    | Note
-------+----------+-------------------------------------------
     0 | D:1      | Almogavar the Minotaur Berserker began the quest for the
                  | Orb.
     0 | D:1      | Reached XP level 1. HP: 19/19 MP: 0/0
   159 | D:1      | Reached skill level 4 in Long Blades
   159 | D:1      | Reached XP level 2. HP: 27/27 MP: 1/1
   536 | D:1      | Reached XP level 3. HP: 28/33 MP: 2/2
  1079 | D:2      | Reached ** piety under Trog
  1147 | D:2      | Found a faded altar of an unknown god.
  1185 | D:2      | Found a radiant altar of Vehumet.
  1530 | D:2      | Reached XP level 4. HP: 41/41 MP: 3/3
  1886 | D:3      | Reached skill level 5 in Long Blades
  1981 | D:3      | Found a white marble altar of Elyvilon.
  2139 | D:3      | Found a shimmering blue altar of Sif Muna.
  2302 | D:4      | Reached XP level 5. HP: 47/47 MP: 4/4
  2400 | D:4      | Identified the +3 spear "Xyikeikh" {vamp, rElec rF- Int-5
                  | Dex+5}
  2525 | D:4      | Reached *** piety under Trog
  2529 | D:4      | Noticed a black bear
  2533 | D:4      | Killed a black bear
  2534 | D:4      | Reached skill level 5 in Fighting
  2534 | D:4      | Reached skill level 6 in Long Blades
  2534 | D:4      | Reached XP level 6. HP: 56/56 MP: 5/5
  2674 | D:4      | Identified the +1 robe of the Ditch-Digger {rC+}
  3108 | D:5      | Entered Level 5 of the Dungeon
  3108 | D:5      | Found Zafasud's General Store.
  3108 | D:5      | Found Kuempoec's Jewellery Shoppe.
  3174 | D:5      | Found Fushaeni's Magic Scroll Boutique.
  3363 | D:5      | Identified the +8 whip "Hilunto" {pain, rF+ Dex+3}
  3385 | D:5      | Found a runed translucent door.
  3435 | D:5      | Found Foihuov's Assorted Antiques.
  3516 | D:5      | Noticed Grinder
  3521 | D:5      | Killed Grinder
  3522 | D:5      | Reached skill level 7 in Long Blades
  3522 | D:5      | Reached skill level 1 in Shields
  3522 | D:5      | Reached XP level 7. HP: 61/61 MP: 6/6
  3575 | D:5      | Found an ornate altar of the Wu Jian Council.
  3597 | D:5      | Found Colem's Armour Shop.
  3605 | D:5      | Noticed LowPressure's ghost (novice DrTm)
  3887 | D:5      | Reached skill level 5 in Armour
  4008 | D:5      | Killed LowPressure's ghost
  4009 | D:5      | Reached skill level 8 in Long Blades
  4098 | D:5      | Reached XP level 8. HP: 59/70 MP: 7/7
  4300 | D:6      | Reached skill level 9 in Long Blades
  4500 | D:6      | Noticed Maggie
  4500 | D:6      | Paralysed by Maggie for 3 turns
  4520 | D:6      | Killed Maggie
  4521 | D:6      | Reached XP level 9. HP: 64/78 MP: 8/8
  4561 | D:6      | Reached skill level 10 in Long Blades
  4629 | D:6      | Found a shimmering altar of Xom.
  4985 | D:7      | Noticed a manticore
  4995 | D:7      | Killed a manticore
  4996 | D:7      | Reached **** piety under Trog
  5295 | D:7      | Reached skill level 11 in Long Blades
  5488 | D:7      | Found a staircase to the Ecumenical Temple.
  5575 | D:7      | Found Qinu's Distillery.
  5578 | D:7      | Bought a potion of curing for 39 gold pieces
  5578 | D:7      | Bought a potion of might for 52 gold pieces
  5679 | D:7      | Reached skill level 5 in Dodging
  7048 | D:9      | Reached skill level 5 in Shields
  7048 | D:9      | Reached XP level 10. HP: 85/88 MP: 9/9
  7202 | D:9      | Reached skill level 12 in Long Blades
  7320 | D:9      | Found a stormy altar of Qazlal.
  7326 | D:9      | Found a sparkling altar of Nemelex Xobeh.
  7404 | D:9      | Noticed a boulder beetle
  7422 | D:9      | Killed a boulder beetle
  7447 | D:9      | Noticed a centaur warrior
  7464 | D:9      | Killed a centaur warrior
  7598 | D:9      | Noticed a deep elf pyromancer
  7602 | D:9      | Killed a deep elf pyromancer
  7636 | D:9      | Reached skill level 13 in Long Blades
  8074 | D:9      | Reached XP level 11. HP: 71/97 MP: 10/10
  8078 | D:9      | Reached ***** piety under Trog
  8081 | D:9      | Reached skill level 1 in Evocations
  8369 | D:10     | Entered Level 10 of the Dungeon
  8459 | D:10     | Noticed a death yak
  8461 | D:10     | Found a staircase to the Lair.
  8461 | D:10     | Noticed a death yak
  8480 | D:10     | Noticed a death yak
  8482 | D:10     | Killed a death yak
  8489 | D:10     | Killed a death yak
  8508 | D:10     | Killed a death yak
  8509 | D:10     | Reached skill level 14 in Long Blades
  8690 | D:10     | Found a hazy altar of Hepliaklqana.
  8864 | D:10     | Found a staircase to the Orcish Mines.
  9029 | D:10     | Found an ancient bone altar of Kikubaaqudgha.
  9383 | Orc:1    | Entered Level 1 of the Orcish Mines
  9392 | Orc:1    | Reached skill level 10 in Fighting
  9605 | Orc:2    | Entered Level 2 of the Orcish Mines
  9605 | Orc:2    | Noticed an orc knight
  9605 | Orc:2    | Noticed an orc sorcerer
  9667 | Orc:2    | Noticed an orc knight
  9799 | Orc:1    | Killed an orc knight
 10130 | Orc:2    | Noticed an orc knight
 10271 | Orc:2    | Killed an orc knight
 10444 | Orc:2    | Noticed a soul eater
 10456 | Orc:1    | Noticed a sixfirhy
 10459 | Orc:1    | Killed an orc sorcerer
 10613 | Orc:2    | Noticed an orc sorcerer
 10614 | Orc:2    | Found Enuqeus's General Store.
 10614 | Orc:2    | Noticed an orc sorcerer
 10619 | Orc:2    | Noticed an orc knight
 10620 | Orc:2    | Noticed a soul eater
 10632 | Orc:2    | Noticed an orc high priest
 10635 | Orc:2    | HP: 4/99 [red devil/+0 trident[an orc sorcerer] (18)]
 10639 | Orc:2    | Killed an orc sorcerer
 10646 | Orc:2    | Killed an orc sorcerer
 10649 | Orc:2    | Noticed a soul eater
 10660 | Orc:2    | Killed an orc high priest
 10661 | Orc:2    | Reached skill level 10 in Armour
 10889 | Orc:1    | Killed an orc knight
 10890 | Orc:1    | Reached XP level 12. HP: 56/108 MP: 11/11
 11536 | Orc:2    | Noticed an orc high priest
 11536 | Orc:2    | Noticed an orc high priest
 11916 | Orc:2    | Found a staircase to the Elven Halls.
 12102 | Orc:2    | Killed an orc high priest
 12103 | Orc:2    | Reached skill level 1 in Ranged Weapons
 12126 | Orc:2    | Paralysed by an orc sorcerer for 5 turns
 12132 | Orc:2    | Killed an orc high priest
 12430 | Orc:2    | Reached skill level 5 in Evocations
 12775 | Orc:2    | Found Nohossy's Assorted Antiques.
 12776 | Orc:2    | Found Peunajir's Assorted Antiques.
 12776 | Orc:2    | Found Uteijof's Distillery.
 12786 | Orc:2    | Bought a potion of curing for 78 gold pieces
 12789 | Orc:2    | Bought a potion of heal wounds for 75 gold pieces
 12789 | Orc:2    | Bought a potion of heal wounds for 75 gold pieces
 12789 | Orc:2    | Bought a potion of curing for 45 gold pieces
 13236 | Lair:1   | Entered Level 1 of the Lair of Beasts
 13283 | Lair:1   | Found a runed translucent door.
 13285 | Lair:1   | Noticed gildax's ghost (journeyman DjDe)
 13307 | Lair:1   | Killed gildax's ghost
 13555 | Lair:1   | Noticed Urug
 13570 | Lair:1   | Killed Urug
 13622 | Lair:1   | Received a gift from Trog
 14386 | Lair:2   | Reached skill level 10 in Dodging
 14652 | Lair:2   | Reached XP level 13. HP: 119/119 MP: 12/12
 15209 | Lair:2   | Killed from afar by a lindwurm

Illustrated notes

Levels and vault maps discovered:
D:1:      lightli_arrival_farm, layout_basic
D:2:      layout_loops_cross, basic_altar, ebering_ecumenical_altar_hall,
          glass_columns_b, chequers_big_river, grunt_ministairs_2,
          minmay_hexomino_f4
D:3:      layout_rooms, lemuel_blue_sif_altar, mainiacjoe_overflow_brackets
D:4:      minmay_wonky_spiral, layout_basic
D:5:      layout_basic, nicolae_wu_jian_wuxing_cycle,
          hellmonk_ghost_happy_afterlife, serial_shops, nicolae_take_the_stairs,
          nicolae_stop_n_shop_1, shop, shop, shop, minmay_misc_feat_roman,
          minmay_misc_feat_tower, minmay_misc_feat_secret_circle, minivault_24,
          uniq_grinder
D:6:      layout_rooms, xom_butterflies, uniq_maggie
D:7:      layout_loops_corners, temple_green, serial_shops,
          nicolae_shop_tiny_real_fake_doors, patterned_corridor
D:8:      layout_basic, enter_bailey_5
D:9:      layout_roguey [special_room_bee], jmf_multi_god_temple, minivault_11,
          wad_mini_maze
D:10:     layout_irregular_city, lemuel_doored_altar, pf_just_have_faith,
          dpeg_lair_monsters, orc_0_dummy
Lair:1:   layout_chaotic_city, ebering_ghost_reflecting_pool,
          grunt_megastairs_4, infiniplex_staircase_pool_2, uniq_urug
Lair:2:   layout_cave_pods, minmay_lindwurm_lava
Orc:1:    layout_caves, nicolae_volcano_entry_hallway
Orc:2:    st_orc_elflike, layout_caves, minmay_orc_keep

Skill      XL: |  1  2  3  4  5  6  7  8  9 10 11 12 |
---------------+-------------------------------------+-----
Long Blades    | 4 5 6 7 8 9 11 13 14 | 14.8
Fighting       | 4 5 6 8 9 10 12 | 12.9
Armour         | 3 4 5 7 8 9 10 11 | 11.3
Dodging        | 3 4 5 6 8 10 | 10.1
Shields        | 1 2 3 5 6 |  6.4
Evocations     | 4 6 |  6.1
Ranged Weapons | 2 |  2.2

Action                     |  1- 3 |  4- 6 |  7- 9 | 10-12 | 13-15 || total
---------------------------+-------+-------+-------+-------+-------++-------
  Melee: Falchion          |    93 |   106 |   211 |   762 |    21 ||  1193
         Headbutt          |     8 |    15 |    43 |   165 |     4 ||   235
         Punch             |     1 |     1 |     6 |     3 |       ||    11
   Fire: Sling             |       |       |       |     2 |    36 ||    38
 Invoke: Berserk           |     1 |     2 |     1 |     5 |     1 ||    10
         Trog's Hand       |       |       |     1 |     1 |       ||     2
         Brothers in Arms  |       |       |       |     1 |       ||     1
  Evoke: Wand              |       |       |       |    10 |       ||    10
         Phial of floods   |       |       |       |     1 |       ||     1
    Use: Scroll            |     2 |     3 |    14 |     7 |       ||    26
         Potion            |       |       |       |     4 |     1 ||     5
   Stab: Paralysed         |       |       |       |     9 |       ||     9
 Armour: Animal skin       |     8 |       |       |       |       ||     8
         Scale mail        |     5 |    25 |    31 |       |       ||    61
         Leather armour    |     4 |       |       |       |       ||     4
         Swamp dragon scal |       |       |    33 |   151 |    12 ||   196
  Dodge: Dodged            |    50 |    50 |   107 |   323 |    17 ||   547
  Block: Other             |     3 |    21 |    37 |    26 |       ||    87
         Reflection        |       |     1 |       |    13 |       ||    14
         Buckler           |       |       |       |   274 |    11 ||   285
